 Dungeon Sprint DCSS version 0.31.0-32-g396128a36d (webtiles) character file.

Game seed: 7966835501794484120

2160 Heoruswealwe the Impaler (level 9, -1/92 HPs)
             Began as a Minotaur Fighter on Mar 13, 2024.
             Was an Initiate of Gozag.
             Slain by a purple ugly thing (13 damage)
             ... in the Dungeon (Sprint IX: "|||||||||||||||||||||||||||||").
             The game lasted 00:02:59 (304 turns).

Heoruswealwe the Impaler (Minotaur Fighter)          Turns: 304, Time: 00:02:59

Health: -1/92      AC:  9    Str: 28    XL:     9   Next: 10%
Magic:  8/8        EV: 10    Int:  5    God:    Gozag
Gold:   522        SH:  0    Dex: 10    Spells: 8/8 levels left

rFire   . . .        b - +2 halberd (venom)
rCold   . . .        (shield currently unavailable)
rNeg    . . .        c - +2 ring mail
rPois   .            (helmet restricted)
rElec   .            (no cloak)
rCorr   .            (no gloves)
SInv    .            (no boots)
Will    .....        (no amulet) Stlth
                     k - +3 ring of strength
HPRegen 0.35/turn    (no ring)
MPRegen 0.11/turn

%: no teleportation
@: gold aura
A: horns 2, retaliatory headbutt
a: Renounce Religion, Potion Petition, Call Merchant, Bribe Branch


You were in the Dungeon.
You worshipped Gozag.
Gozag was pleased with you.
You visited 1 branch You collected 522 gold pieces.

Inventory:

Hand Weapons
 a - a +0 trident
 b - a +2 halberd of venom (weapon)
Armour
 c - a +2 ring mail (worn)
 d - a +0 kite shield
Jewellery
 k - a +3 ring of strength (left hand)
Wands
 h - a wand of quicksilver (10)
Scrolls
 j - 2 scrolls of blinking
Potions
 e - 5 potions of curing
 g - a potion of haste
 i - a potion of berserk rage
 l - a potion of might


   Skills:
 + Level 12.8 Fighting
 * Level 17.2 Polearms
 + Level 12.8 Armour
 - Level 3.6 Shields


You had 8 spell levels left.
You didn't know any spells.
Your spell library was empty.

Dungeon Overview and Level Annotations

Branches:
Dungeon (1/1)

Altars:
Cheibriados
Dithmenos
Elyvilon
Fedhas
Gozag
Hepliaklqana
Kikubaaqudgha
Makhleb
Nemelex Xobeh
Okawaru
Qazlal
Ru
Sif Muna
Trog
Uskayaw
Vehumet
Wu Jian
Xom
Yredelemnul
Zin
The Shining One
Jiyva
Lugonu


Innate Abilities, Weirdness & Mutations

You have a pair of horns on your head.
You reflexively headbutt those who attack you in melee.


Message History

You feel much better. The centaur warrior hits you.
The centaur warrior kicks you but does no damage.
You slash the centaur warrior!
The centaur warrior is poisoned.
The centaur warrior is moderately wounded.
The centaur warrior hits you but does no damage.
The centaur warrior kicks you.
You impale the centaur warrior!!
The centaur warrior looks as sick as possible!
The centaur warrior is severely wounded.
The centaur warrior hits you but does no damage.
The centaur warrior kicks you but does no damage.
You puncture the centaur warrior!
You kill the centaur warrior!
Your Polearms skill increases to level 17!
You have reached level 9!
Your experience leads to an increase in your attributes!
Your base attributes are Str 23, Int 5, Dex 10.
Increase (S)trength, (I)ntelligence, or (D)exterity?
You feel stronger. x2
You closely miss the purple ugly thing.
Your headbutt misses the purple ugly thing.
The purple ugly thing trunk-slaps you!
* * * LOW HITPOINT WARNING * * *
You barely miss the purple ugly thing.
Your headbutt misses the purple ugly thing.
You hit the purple ugly thing.
The purple ugly thing is lightly wounded.
The salamander changes into a brain worm!
The purple ugly thing trunk-slaps you but does no damage.
You hit the purple ugly thing.
The purple ugly thing is poisoned.
You headbutt the purple ugly thing.
The purple ugly thing is lightly wounded.
The purple ugly thing trunk-slaps you!
* * * LOW HITPOINT WARNING * * *
You slice the purple ugly thing!!
The purple ugly thing looks as sick as possible!
The purple ugly thing is heavily wounded.
The purple ugly thing trunk-slaps you!
You die...
Your body crumbles into a pile of gold. ▓▓▓▓▓▓▓▓▓▓▓▓▓▓▓▓▓▓▓▓▓▓▓▓ +...Twu@......[..=[[[)?! ▓▓▓▓▓▓▓▓▓▓▓▓▓▓▓▓▓▓▓▓▓▓▓▓

You could see a purple ugly thing (extremely poisoned), a troll and a brain worm shaped shifter.

Vanquished Creatures
  2 centaur warriors (D)
  An ugly thing (D)
  A yak (D)
  2 acid dragons (D)
  An ogre (D)
  A gnoll sergeant (D)
  A howler monkey (D)
  A gnoll bouda (D)
  2 adders (D)
  2 orcs (D)
  An endoplasm (D)
  A kobold (D)
  A ball python (D)
  2 bats (D)
19 creatures vanquished.

Notes
Turn   | Place    | Note
-------+----------+-------------------------------------------
     0 | D        | Heoruswealwe the Minotaur Fighter began the quest for the
                  | Orb.
     0 | D        | Reached XP level 1. HP: 19/19 MP: 0/0
     6 | D        | Reached skill level 3 in Polearms
    20 | D        | Noticed an ogre
    24 | D        | Reached skill level 4 in Polearms
    24 | D        | Reached XP level 2. HP: 26/28 MP: 1/1
    30 | D        | Killed an ogre
    31 | D        | Reached skill level 8 in Polearms
    31 | D        | Reached XP level 3. HP: 20/38 MP: 2/2
    31 | D        | Reached XP level 4. HP: 24/45 MP: 3/3
    43 | D        | Found a snail-covered altar of Cheibriados.
    43 | D        | Found a shadowy altar of Dithmenos.
    43 | D        | Found a white marble altar of Elyvilon.
    43 | D        | Found a blossoming altar of Fedhas.
    43 | D        | Found an opulent altar of Gozag.
    44 | D        | Found a hazy altar of Hepliaklqana.
    45 | D        | Found a viscous altar of Jiyva.
    46 | D        | Found an ancient bone altar of Kikubaaqudgha.
    47 | D        | Found a corrupted altar of Lugonu.
    48 | D        | Found a burning altar of Makhleb.
    49 | D        | Found a sparkling altar of Nemelex Xobeh.
    50 | D        | Found an iron altar of Okawaru.
    51 | D        | Became a worshipper of Gozag Ym Sagoz the Greedy
    52 | D        | Found a stormy altar of Qazlal.
    53 | D        | Found a sacrificial altar of Ru.
    54 | D        | Found a shimmering blue altar of Sif Muna.
    55 | D        | Found a bloodstained altar of Trog.
    56 | D        | Found a hide-covered altar of Uskayaw.
    57 | D        | Found a radiant altar of Vehumet.
    58 | D        | Found an ornate altar of the Wu Jian Council.
    59 | D        | Found a shimmering altar of Xom.
    60 | D        | Found a basalt altar of Yredelemnul.
    61 | D        | Found a glowing silver altar of Zin.
    62 | D        | Found a glowing golden altar of the Shining One.
   108 | D        | Noticed an acid dragon
   108 | D        | Noticed a gnoll sergeant
   108 | D        | Noticed an acid dragon
   108 | D        | Noticed a yak
   112 | D        | Reached XP level 5. HP: 48/52 MP: 4/4
   116 | D        | Killed a yak
   117 | D        | Reached skill level 11 in Polearms
   117 | D        | Reached XP level 6. HP: 21/62 MP: 5/5
   122 | D        | Killed an acid dragon
   123 | D        | Reached skill level 12 in Polearms
   131 | D        | Killed an acid dragon
   132 | D        | Reached skill level 13 in Polearms
   132 | D        | Reached XP level 7. HP: 34/71 MP: 6/6
   135 | D        | Reached skill level 10 in Fighting
   135 | D        | Reached skill level 10 in Armour
   282 | D        | Noticed a purple ugly thing
   282 | D        | Noticed a cyan ugly thing
   282 | D        | Noticed a troll
   282 | D        | Noticed a human
   282 | D        | Noticed a centaur warrior
   282 | D        | Noticed a centaur warrior
   283 | D        | a human changed into a troll
   283 | D        | Noticed a troll (shapeshifter)
   285 | D        | Killed a centaur warrior
   285 | D        | a troll changed into a salamander
   285 | D        | Noticed a salamander (shapeshifter)
   286 | D        | Reached skill level 15 in Polearms
   286 | D        | Reached XP level 8. HP: 74/82 MP: 7/7
   293 | D        | Killed a cyan ugly thing
   294 | D        | Reached skill level 16 in Polearms
   299 | D        | Killed a centaur warrior
   300 | D        | Reached skill level 17 in Polearms
   300 | D        | Reached XP level 9. HP: 30/92 MP: 8/8
   302 | D        | a salamander changed into a brain worm
   304 | D        | Slain by a purple ugly thing

Illustrated notes

Levels and vault maps discovered:
D:        linesprint [early_d, line_temple, items_1, d_10, items_2, lair_1,
          lair_end, items_3, orc_1, orc_end, items_4, d_15, swamp_1, shoals_1,
          snake_1, spider_1, d_20, vaults_1, items_5, swamp_end, shoals_end,
          snake_end, spider_end, vaults_end, d_27, items_6, zot_1, zot_end,
          crypt_end, forest_end, elf_end, slime_end, tomb_end, abyss_end,
          pan_hell_end]

Skill      XL: |  1  2  3  4  5  6  7  8 |
---------------+-------------------------+-----
Polearms       | 4 8 11 13 15 17 | 17.2
Fighting       | 4 6 7 8 9 11 12 | 12.8
Armour         | 4 6 7 8 9 11 12 | 12.8
Shields        | |  3.6

Action                     |  1- 3 |  4- 6 |  7- 9 || total
---------------------------+-------+-------+-------++-------
  Melee: Trident           |    19 |     5 |       ||    24
         Headbutt          |     4 |     7 |     6 ||    17
         Halberd           |       |    20 |    20 ||    40
    Use: Potion            |     1 |     1 |     1 ||     3
 Armour: Scale mail        |    10 |     2 |       ||    12
         Ring mail         |       |    14 |    24 ||    38
  Dodge: Dodged            |     4 |    12 |     5 ||    21
  Block: Buckler           |     5 |     1 |       ||     6
